[Event "Chinese League Division-A 2024"]
[Site "Fuling Chongqing"]
[Date "2024.07.06"]
[Round "9.24"]
[White "Sun, Fanghui"]
[Black "Guo, Qi"]
[Result "1/2-1/2"]
[ECO "C42"]
[WhiteElo "2115"]
[BlackElo "2362"]
[Annotator "TA"]
[PlyCount "73"]
[EventDate "2024.06.28"]
[EventType "team-tourn"]
[EventCountry "CHN"]
[SourceTitle "playchess.com"]
[Source "ChessBase"]
[SourceQuality "1"]
[TimeControl "40/5400+30:1800+30"]

1. e4 e5 2. Nf3 Nf6 3. Nxe5 d6 4. Nf3 Nxe4 5. Nc3 Nxc3 6. dxc3 Be7 7. Be3 O-O 8. Qd2 Nd7 9. h3 Nf6 10. Bd3 Re8 11. O-O-O c5 12. Rhe1 Qa5 13. Kb1 Be6 14. c4 Qxd2 15. Bxd2 h6 16. b3 a6 17. Nh4 d5 (17... Ng4 $5 18. hxg4 Bxh4 $11) 18. cxd5 Nxd5 19. Nf5 Bxf5 20. Bxf5 {[%emt 0:00:05] aiming for Be4.} Bf6 21. c4 Nc3+ {[%emt 0:01:04] The position is equal.} 22. Bxc3 Bxc3 23. Rxe8+ Rxe8 $11 {[%emt 0:00:03][%mdl 4096] Endgame. KRB-KRB} 24. Kc2 Bd4 25. f3 b6 26. Be4 g6 27. Re1 Kg7 {[%emt 0:00:09] [#] Strongly threatening ...f5.} 28. Kd1 f5 29. Bb7 Be3 30. g4 f4 31. Kc2 Rb8 32. Bc6 ({Reject} 32. Bxa6 Ra8 33. Bb7 Rxa2+ 34. Kd3 Rd2+ 35. Kc3 Kf6 $15) 32... Rc8 33. Bb7 Rc7 34. Ba8 ({Much weaker is} 34. Bxa6 Ra7 35. Bb5 Rxa2+ 36. Kb1 Rh2 $17) 34... Re7 35. a4 Kf6 36. h4 a5 37. Re2 {[%emt 0:01:47] Weighted Error Value: White=0.05 (flawless) /Black=0.04 (flawless) .  Inaccurate:     	White=2     	---        OK:         	White=16    	Black=7      Best:        	White=2     	Black=1} 1/2-1/2

[Event "Chinese League Division-A 2024"]
[Site "Fuling Chongqing"]
[Date "2024.07.06"]
[Round "9.25"]
[White "Gao, Muziyan"]
[Black "Zhang, Lanlin"]
[Result "1-0"]
[ECO "A11"]
[WhiteElo "1943"]
[BlackElo "2161"]
[Annotator "RC"]
[PlyCount "125"]
[EventDate "2024.06.28"]
[EventType "team-tourn"]
[EventCountry "CHN"]
[SourceTitle "playchess.com"]
[Source "ChessBase"]
[SourceQuality "1"]
[TimeControl "40/5400+30:1800+30"]

1. Nf3 d5 2. g3 Nf6 3. Bg2 c6 4. O-O Bg4 5. c4 Nbd7 6. cxd5 cxd5 7. Nc3 e6 8. d3 Be7 9. h3 Bh5 10. Bf4 a6 11. Rc1 Rc8 12. e4 e5 13. Bg5 d4 14. Bxf6 Bxf3 15. Bxe7 Bxd1 16. Bxd8 dxc3 17. Rfxd1 c2 18. Rd2 Kxd8 19. Rcxc2 Rxc2 20. Rxc2 Ke7 21. f4 f6 22. h4 Kd6 23. Bh3 Nb6 24. fxe5+ fxe5 25. Rf2 Re8 26. b3 Re7 27. Rf8 Kc5 28. Kf2 Kb4 29. Ke3 Kc5 30. a3 a5 31. Rd8 a4 32. bxa4 Nxa4 33. Rc8+ Kb5 34. d4 Nb6 35. Rc5+ Ka4 36. d5 Kxa3 37. d6 Re8 38. d7 Rf8 39. Rc8 Nxd7 40. Bxd7 Rf7 41. Be6 Re7 42. Bd5 b5 43. Rb8 b4 44. Kd2 Rc7 45. Rb7 Rc8 46. Rxg7 h5 47. Rg5 b3 48. Bxb3 Kxb3 49. Rxe5 Kc4 50. Ke3 Rh8 51. Kf4 Rf8+ 52. Rf5 Rh8 53. e5 Kd5 54. Rf6 Rg8 55. Rd6+ Kc5 56. Rd3 Kc4 57. Rd1 Kc5 58. e6 Rg4+ 59. Kf5 Rxg3 60. Re1 Rg8 61. e7 Re8 62. Ke6 Kc6 63. Rc1+ 1-0

[Event "Chinese League Division-A 2024"]
[Site "Fuling Chongqing"]
[Date "2024.07.06"]
[Round "9.26"]
[White "Jiang, Haochen"]
[Black "Dai, Changren"]
[Result "1/2-1/2"]
[ECO "B30"]
[WhiteElo "2290"]
[BlackElo "2502"]
[Annotator "TA"]
[PlyCount "170"]
[EventDate "2024.06.28"]
[EventType "team-tourn"]
[EventCountry "CHN"]
[SourceTitle "playchess.com"]
[Source "ChessBase"]
[SourceQuality "1"]
[TimeControl "40/5400+30:1800+30"]

1. e4 c5 2. Nf3 Nc6 3. Bb5 Nf6 4. Bxc6 dxc6 5. d3 Qc7 6. h3 {[%emt 0:03:14] B30: Sicilian: 2...Nc6 3 Bb5, lines without ...g6.} e5 7. Nbd2 Be7 8. a4 O-O 9. O-O Be6 10. Ng5 $146 ({Predecessor:} 10. b3 Nd7 11. Bb2 b5 12. Re1 f6 13. Nf1 Rfd8 14. Qc1 Nb6 15. a5 Nd7 16. Ng3 {0-1 Sherman,R (2358)-Pranav,A (2540) Chess.com Speed Play In blitz 2024 (2)}) 10... Bd7 11. Nc4 b5 12. Ne3 h6 13. Nf3 a6 14. b3 Nh5 15. Nf5 Bxf5 16. exf5 Nf4 17. Re1 Bf6 18. Re4 Qd7 19. Nxe5 Nxh3+ 20. gxh3 Bxe5 21. Rxe5 Qd4 22. Bf4 Qxf4 23. Rxc5 Qd4 24. b4 Qxb4 25. Rxc6 Rfc8 26. c3 Qf4 27. axb5 axb5 28. Rxc8+ Rxc8 29. Qg4 Qxg4+ 30. hxg4 Rxc3 31. Ra8+ Kh7 32. Rb8 Rxd3 33. Rxb5 Rd4 34. f3 Rd2 35. Kf1 f6 36. Ke1 Ra2 37. Rb7 h5 38. gxh5 Ra5 39. Kf2 Rxf5 40. Kg3 Rxh5 41. Ra7 Rg5+ 42. Kf2 Kg6 43. Ra4 Rb5 44. Kg3 Rb2 45. Rc4 Ra2 46. Rg4+ Kf7 47. Rb4 Ra3 48. Rb7+ Kg6 49. Rb5 Kh6 50. Rb6 Kh5 51. Rc6 Ra5 52. Rb6 f5 53. Rb8 Kg5 54. Rc8 Ra1 55. f4+ Kh5 56. Rh8+ Kg6 57. Rb8 Rg1+ 58. Kf2 Rh1 59. Kg2 Re1 60. Rf8 Re3 61. Kf2 Ra3 62. Kg2 Ra6 63. Kf3 Rf6 64. Ra8 Kh7 65. Ra5 Kh6 66. Ra8 g6 67. Rh8+ Kg7 68. Ra8 Rf8 69. Ra1 Rb8 70. Rc1 Rb6 71. Re1 Rb3+ 72. Kg2 Kf7 73. Re2 Rb6 74. Kf3 Re6 75. Ra2 Ke7 76. Ra7+ Kd6 77. Ra6+ Kd5 78. Ra5+ Kd4 79. Ra4+ Kc3 80. Ra3+ Kb4 81. Ra8 Rd6 82. Rc8 Kb5 83. Kg3 Rc6 84. Rb8+ Kc5 85. Kh4 Kd5 1/2-1/2

[Event "Chinese League Division-A 2024"]
[Site "Fuling Chongqing"]
[Date "2024.07.06"]
[Round "9.27"]
[White "Wang, Shixu B"]
[Black "Wang, Zihang"]
[Result "1-0"]
[ECO "E51"]
[WhiteElo "2422"]
[BlackElo "2028"]
[Annotator "TA"]
[PlyCount "79"]
[EventDate "2024.06.28"]
[EventType "team-tourn"]
[EventCountry "CHN"]
[SourceTitle "playchess.com"]
[Source "ChessBase"]
[SourceQuality "1"]
[TimeControl "40/5400+30:1800+30"]

1. d4 Nf6 2. c4 e6 3. Nc3 Bb4 4. Nf3 O-O 5. e3 d5 6. Bd2 b6 7. cxd5 exd5 8. Rc1 Bb7 9. Bd3 Be7 10. O-O {[%emt 0:03:28] The position is equal.} c5 11. Ne5 Nc6 12. Be1 Nxe5 13. dxe5 Nd7 14. f4 d4 15. Be4 Bxe4 16. Nxe4 dxe3 ({But not} 16... f5 17. Ng3 $16) 17. Qe2 {[%emt 0:00:48] White is much more active.} Qc7 18. Qxe3 c4 (18... Qc6 $14) 19. Kh1 ({White should play} 19. b3 $16) 19... b5 20. Bc3 Rfe8 (20... Rad8 $14) 21. Qg3 $16 {[%emt 0:03:44][%cal Oe5e6] And now e6! would win.} Bf8 22. Rcd1 {[%emt 0:16:38][%cal Od1d7] Rxd7! is the strong threat.} Red8 {[%emt 0:01:19] [#]} (22... Qc6 $16 {is a better defense.}) 23. Nd6 (23. e6 $1 $18 fxe6 24. Qg4) 23... Rab8 $2 {[%emt 0:02:10] [#] Loses the game.} (23... a6 $16) 24. Nxf7 $1 $18 Kxf7 {[%emt 0:01:19] [#]} 25. e6+ $1 Kg8 {[%emt 0:02:37] ...Nb6 would now be deadly.} 26. e7 (26. Rxd7 Rxd7 27. exd7 Qxd7 $11) 26... Nc5 27. exd8=Q Rxd8 28. Rxd8 Qxd8 29. Qe3 Nd3 (29... Qd3 $142 30. Re1 Qxe3 31. Rxe3 Nd3) 30. Qxa7 Qe8 {[%emt 0:00:31] [#]} 31. Be5 $1 Qh5 (31... Qc6 32. a3) 32. Qd7 {[%emt 0:03:10] White is clearly winning.} Qg6 33. h3 ({Weaker is} 33. Qxb5 Nf2+ 34. Kg1 Nh3+ 35. Kh1 Nf2+ 36. Kg1 Nh3+ 37. Kh1 Nf2+ $11) 33... h5 34. Qd5+ Kh8 35. Qxb5 Bc5 36. Qxc4 Qg3 37. Bd4 Ne1 38. Qe2 (38. Bxc5 $2 Qxg2#) 38... Bxd4 39. Qxh5+ Kg8 40. Qe8+ {[%emt 0:00:00] Weighted Error Value: White=0.13 (very precise) /Black=0.45.  Loses game:     	---       	Black=1      Mistake:       	White=2     	Black=4      Inaccurate:     	---       	Black=2      OK:         	White=12    	Black=5      Best:        	White=1     	Black=1      Brilliant:      	White=2     	---} 1-0

[Event "Chinese League Division-A 2024"]
[Site "Fuling Chongqing"]
[Date "2024.07.06"]
[Round "9.28"]
[White "Xu, Pengmo"]
[Black "Chu, Wei Chao"]
[Result "0-1"]
[ECO "E73"]
[WhiteElo "1834"]
[BlackElo "2412"]
[Annotator "TA"]
[PlyCount "66"]
[EventDate "2024.06.28"]
[EventType "team-tourn"]
[EventCountry "CHN"]
[SourceTitle "playchess.com"]
[Source "ChessBase"]
[SourceQuality "1"]
[TimeControl "40/5400+30:1800+30"]

1. d4 Nf6 2. c4 g6 3. Nc3 Bg7 4. h4 c5 5. d5 O-O 6. e4 d6 7. Be2 e6 8. h5 exd5 9. cxd5 Re8 10. hxg6 hxg6 {[%emt 0:00:56] The position is equal.} 11. Qc2 Na6 {[%emt 0:18:45] Strongly threatening ...Nb4.} 12. Bg5 Bd7 13. f3 (13. Bxa6 $14 bxa6 14. f3) 13... Qe7 (13... b5 $11) 14. Qd2 Qf8 ({Black should try} 14... Nc7 $14) 15. Bxa6 $16 bxa6 16. Nge2 ({Better is} 16. O-O-O) 16... Rab8 17. O-O-O Rb6 18. Rh2 (18. Qf4 $16 Nh7 19. Bh6) 18... Reb8 $1 $11 {[%emt 0:02:44] White must now prevent ...Rxb2.} 19. Rdh1 (19. Qe1 $11 {remains equal.}) 19... Rxb2 $17 20. Qxb2 (20. Qf4 $17 {only move.} Nh5 21. Rxh5 gxh5 22. Rxh5) 20... Rxb2 $19 21. Kxb2 Qd8 (21... Qb8+ 22. Kc2) 22. Kc2 Qa5 23. Rb1 {[%emt 0:03:18] [#]} Bb5 $1 24. Rhh1 {[%emt 0:06:24] [#]} Nd7 $1 25. Bf4 Ne5 {[%emt 0:16:41] Hoping for ...Ba4+.} 26. Bxe5 (26. Rb3 {was called for.}) 26... Bxe5 {[%emt 0:01:15] This pair of bishops is nice.} 27. Rhc1 f5 28. g4 (28. exf5 $142 gxf5 29. a4 Bxa4+ 30. Nxa4 Qxa4+ 31. Kd3) 28... fxg4 29. fxg4 Bxe2 {[%emt 0:00:07] Black is clearly winning.} 30. Nxe2 Qxa2+ 31. Kd3 Bb2 32. Nc3 c4+ 33. Kd4 Qa3 {[%emt 0:00:08] Weighted Error Value: White=0.65/Black=0.26 (precise) .  Mistake:       	White=7     	Black=2      Inaccurate:     	White=2     	Black=3      OK:         	White=6     	Black=3      Best:        	---       	Black=3      Strong:       	---       	Black=3} 0-1

[Event "Chinese League Division-A 2024"]
[Site "Fuling Chongqing"]
[Date "2024.07.06"]
[Round "9.29"]
[White "Xiao, Yiyi"]
[Black "Du, Yuxin"]
[Result "1-0"]
[ECO "B13"]
[WhiteElo "2338"]
[BlackElo "1960"]
[Annotator "TA"]
[PlyCount "99"]
[EventDate "2024.06.28"]
[EventType "team-tourn"]
[EventCountry "CHN"]
[SourceTitle "playchess.com"]
[Source "ChessBase"]
[SourceQuality "1"]
[TimeControl "40/5400+30:1800+30"]

1. e4 c6 2. d4 d5 3. exd5 cxd5 4. Bd3 Nc6 5. c3 Qc7 6. h3 g6 7. Qc2 (7. Ne2 $14) 7... e5 (7... f6 $15) 8. dxe5 $11 Nxe5 9. Bb5+ {[%emt 0:09:41] The position is equal.} Bd7 10. Bxd7+ Qxd7 11. Qe2 Qe6 12. Be3 Bh6 13. Bd4 f6 14. Bxe5 fxe5 15. Nf3 Bg7 16. Na3 Rc8 17. O-O {[%emt 0:00:30] Black should prevent Qb5+.} Ne7 18. Rfe1 e4 19. Nb5 a6 20. Nbd4 Qf6 21. Nh2 O-O 22. Rad1 Nc6 23. Nxc6 bxc6 24. f3 $1 (24. Qxa6 $2 {perishes.} Qxf2+ 25. Kh1 h5 $19 (25... Qxb2 $2 26. c4 $19)) 24... exf3 25. Nxf3 a5 26. Nd4 Qd6 27. Qe3 Rf7 (27... a4 {simplifies} 28. Qe6+ Qxe6 29. Nxe6 Rfe8) 28. Qe6 Qxe6 29. Rxe6 Bxd4+ 30. Rxd4 {[%emt 0:00:07][%mdl 4096] Endgame. KRR-KRR} Rb7 31. b3 Kf7 32. Re2 Rcc7 33. Ra4 Rb5 34. Kf2 Rc5 35. Rh4 Kg7 36. Re3 Ra7 37. Ke2 Rb5 38. Ra4 Rc7 (38... Rf7 $14) 39. Rf4 (39. Re8 $16) 39... Rf7 (39... c5 $14) 40. Rxf7+ $1 $16 Kxf7 {[%emt 0:00:00] KR-KR} 41. Kd3 $1 h5 (41... c5 $16) 42. Kd4 $18 h4 43. Re2 (43. Re5 $18) 43... a4 {[%emt 0:01:25] [#] Black cannot hold the game after this.} 44. b4 $1 ({And not} 44. bxa4 Ra5 $11) 44... a3 45. Re1 g5 46. Re5 Kf6 {[%emt 0:00:36] [#]} 47. Re8 {[%emt 0:00:08] Prevents Rb8. aiming for Rc8.} Rb7 $2 (47... Kf5 48. Ra8 g4 49. Rxa3 Rb8) 48. Kc5 {[%emt 0:01:40] White is clearly winning.} Rc7 49. Kd6 Rg7 50. Rf8+ {[%emt 0:00:35] Weighted Error Value: White=0.12 (very precise) /Black=0.18 (very precise) .  Mistake:       	White=2     	Black=6      Inaccurate:     	White=3     	Black=1      OK:         	White=12    	Black=9      Best:        	White=4     	Black=2      Strong:       	White=4     	---} 1-0

[Event "Chinese League Division-A 2024"]
[Site "Fuling Chongqing"]
[Date "2024.07.06"]
[Round "9.30"]
[White "Feng, Eunice"]
[Black "Zhou, Shumeng"]
[Result "1-0"]
[ECO "C42"]
[WhiteElo "1936"]
[BlackElo "2173"]
[Annotator "RC"]
[PlyCount "99"]
[EventDate "2024.06.28"]
[EventType "team-tourn"]
[EventCountry "CHN"]
[SourceTitle "playchess.com"]
[Source "ChessBase"]
[SourceQuality "1"]
[TimeControl "40/5400+30:1800+30"]

1. e4 e5 2. Nf3 Nf6 3. Nxe5 d6 4. Nf3 Nxe4 5. d4 d5 6. Bd3 Bd6 7. O-O O-O 8. c4 c6 9. Qc2 Na6 10. a3 Bg4 11. Ne5 Bf5 12. Nc3 Bxe5 13. dxe5 Nac5 14. cxd5 cxd5 15. Nxe4 dxe4 16. Qxc5 exd3 17. Bd2 b6 18. Qe3 Rc8 19. Bc3 Qd5 20. Qg5 Qe6 21. f4 h6 22. Qh4 Rfd8 23. h3 Be4 24. Rad1 b5 25. Qf2 Qd5 26. f5 Qc5 27. g4 g6 28. f6 Qxf2+ 29. Kxf2 g5 30. e6 fxe6 31. f7+ Kf8 32. Bb4+ Kg7 33. Ke3 Bg6 34. f8=Q+ Rxf8 35. Rxf8 Rxf8 36. Bxf8+ Kxf8 37. Rc1 a5 38. Rc5 Be8 39. Kxd3 Kf7 40. Kd4 Kf6 41. Rc1 e5+ 42. Kd5 Bf7+ 43. Kc5 Be8 44. Kd6 e4 45. Kd5 Bg6 46. Rc6+ Kf7 47. Kd4 Kg7 48. Rb6 Be8 49. Kxe4 a4 50. Kd4 1-0